 Dungeon Crawl Stone Soup version 0.26-a0-540-g8a0c9464d7 (webtiles) character file.

Game seed: 7206263785692912097

225 HammerPanzer the Slasher (level 5, -5/41 HPs)
             Began as a Demonspawn Berserker on Aug 22, 2020.
             Was a Believer of Trog.
             Killed by divine providence
             ... invoked by an orc priest
              (13 damage)
             ... on level 3 of the Dungeon.
             The game lasted 00:03:57 (1840 turns).

HammerPanzer the Slasher (Demonspawn Berserker)     Turns: 1840, Time: 00:03:57

Health: -5/41      AC:  5    Str: 19    XL:     5   Next: 68%
Magic:  5/5        EV: 12    Int:  8    God:    Trog [**....]
Gold:   158        SH:  0    Dex: 12    Spells: 4/4 levels left

rFire    + + .     SeeInvis .   a - +0 falchion
rCold    + + .     Faith    .   (no shield)
rNeg     . . .     Spirit   .   j - +0 ring mail
rPois    +         Reflect  .   (helmet restricted)
rElec    +         Harm     .   (no cloak)
rCorr    +                      (no gloves)
MR       .....                  (no boots)
Stlth    +.........             (no amulet)
HPRegen  0.13/turn              g - ring of protection from fire
MPRegen  0.09/turn              (no ring)

@: lethally poisoned (-5 -> -9), resistant, berserk cooldown, slowed, very slow
A: horns 1, cold resistance 1, powered by death 1, sturdy frame 1
a: Berserk, Trog's Hand, Renounce Religion


You were on level 3 of the Dungeon.
You worshipped Trog.
Trog was pleased with you.
You visited 1 branch of the dungeon, and saw 3 of its levels.

You collected 158 gold pieces.

Inventory:

Hand Weapons
 a - a +0 falchion (weapon)
Missiles
 f - 5 atropa-tipped darts (quivered)
Armour
 j - a +0 ring mail (worn)
Jewellery
 g - a ring of protection from fire (left hand)
Scrolls
 d - 3 scrolls of remove curse {unknown}
 e - a scroll of fear {unknown}
 i - 2 scrolls of magic mapping {unknown}
Potions
 c - a potion of curing
 k - a potion of lignification {unknown}


   Skills:
 - Level 3.0 Fighting
 * Level 5.6 Long Blades
 - Level 1.7 Armour
 + Level 2.4 Dodging


You had 4 spell levels left.
You didn't know any spells.
Your spell library was empty.

Dungeon Overview and Level Annotations

Branches:
Dungeon (3/15)

Altars:
Gozag
Vehumet


Innate Abilities, Weirdness & Mutations

You have a pair of small horns on your head.
Your flesh is cold resistant. (rC+)
You regenerate a little health from kills.
Your movements are slightly less encumbered by armour. (ER -2)


Message History

The orc priest is almost dead.
You feel sick. The adder barely misses you.
The orc priest hits you with a +0 trident.
* * * LOW HITPOINT WARNING * * *
The adder bites you.
* * * LOW HITPOINT WARNING * * *
The orc priest closely misses you.
You riposte.
You hit the orc priest but do no damage.
The orc priest is almost dead.
You feel better. The adder barely misses you.
The orc priest hits you but does no damage.
The adder bites you.
* * * LOW HITPOINT WARNING * * *
You are poisoned.
The adder poisons you!
You feel protected.
You feel sick. The adder barely misses you.
The orc priest mumbles some strange prayers to Beogh against you.
Beogh smites you!
You die...

... ..# .. .. ..
..# . #. ..# # .##
#.##..##.# ..#
......... #.#
#.o......
#.##.#####@#..# #
#.##.....S.†..#
#.##.########...##
#
#.............###
#######.###.####.#
..### #.# #..# #.#
#...# #.# ########
....# #.# ##_##
#...# #.# 8!..8


You could see an orc priest and an adder.

Vanquished Creatures
  A phantom (D:2)
  An orc wizard (D:3)
  2 orc priests (D:3)
  An adder (D:2)
  A worm (D:3)
  2 dart slugs
  4 leopard geckos
  2 orcs (D:3)
  3 goblins
  6 hobgoblins
  3 kobolds (D:1)
  A quokka (D:2)
  4 bats
  A frilled lizard (D:2)
  3 rats
35 creatures vanquished.

Notes
Turn   | Place    | Note
-------+----------+-------------------------------------------
     0 | D:1      | HammerPanzer the Demonspawn Berserker began the quest for
                  | the Orb.
     0 | D:1      | Reached XP level 1. HP: 18/18 MP: 1/1
    94 | D:1      | Reached skill level 3 in Long Blades
   276 | D:1      | Gained mutation: You regenerate a little health from kills.
                  | [demonic ancestry]
   276 | D:1      | Reached XP level 2. HP: 22/24 MP: 2/2
   879 | D:2      | Gained mutation: You have a pair of small horns on your
                  | head. [demonic ancestry]
   879 | D:2      | Reached XP level 3. HP: 23/29 MP: 3/3
  1212 | D:2      | Noticed a phantom
  1235 | D:2      | Killed a phantom
  1235 | D:2      | Reached skill level 5 in Long Blades
  1235 | D:2      | Gained mutation: Your movements are slightly less
                  | encumbered by armour. (ER -2) [demonic ancestry]
  1235 | D:2      | Reached XP level 4. HP: 23/35 MP: 4/4
  1595 | D:3      | Reached ** piety under Trog
  1798 | D:3      | Found an opulent altar of Gozag.
  1798 | D:3      | Found a radiant altar of Vehumet.
  1819 | D:3      | Gained mutation: Your flesh is cold resistant. (rC+)
                  | [demonic ancestry]
  1819 | D:3      | Reached XP level 5. HP: 33/41 MP: 5/5
  1838 | D:3      | HP: 2/41 [orc priest/+0 trident (5)]
  1840 | D:3      | Killed from afar by an orc priest

Illustrated notes

Levels and vault maps discovered:
D:1:      nicolae_arrival_memento_mori, layout_rooms
D:2:      layout_basic, minmay_door_square
D:3:      layout_loops_ring, nicolae_overflow_hidden_temple, minmay_pentangle,
          uniq_crazy_yiuf_cottage

Skill      XL: |  1  2  3  4 |
---------------+-------------+-----
Long Blades    | 3 5 |  5.6
Dodging        | 2 |  2.4
Fighting       | |  3.0
Armour         | |  1.7

Action                   |  1- 3 |  4- 6 || total
-------------------------+-------+-------++-------
Melee: Falchion          |    88 |    38 ||   126
       Headbutt          |     1 |     7 ||     8
Invok: Berserk           |       |     2 ||     2
  Use: Scroll            |     4 |     1 ||     5
       Potion            |       |     2 ||     2
 Stab: Distracted        |       |     1 ||     1
Armor: Animal skin       |     4 |       ||     4
       Ring mail         |    14 |    16 ||    30
Dodge: Dodged            |    53 |    40 ||    93
       Rpst.: Falchion   |    15 |     8 ||    23

Table legend: (Time is in decaauts)
 A = Elapsed time spent in this place.
 B = Non-inter-level travel time spent in this place.
 C = Inter-level travel time spent in this place.
 D = Time resting spent in this place.
 E = Time spent auto-exploring this place.
 F = Levels seen in this place.
 G = Mean time per level.
                   A        B        C        D        E       F      G
               +--------+--------+--------+--------+--------+-----+--------+
         Total |   1858 |   1803 |     55 |    524 |    889 |   3 |  619.3 |
       Dungeon |   1858 |   1803 |     55 |    524 |    889 |   3 |  619.3 |
               +--------+--------+--------+--------+--------+-----+--------+

Top non-repeatable levels by time:
     D:2: 846 daAuts
     D:1: 742 daAuts
     D:3: 269 daAuts
